 Dungeon Crawl Stone Soup version 0.23-a0-643-g9ccc95a (webtiles) character file.

106 Lanoc the Sneak (level 4, -22/38 HPs)
             Began as a Gnoll Wanderer on Jan 1, 2019.
             Annihilated by an ogre
             ... wielding a +0 giant spiked club
              (30 damage)
             ... on level 3 of the Dungeon.
             The game lasted 00:06:08 (1552 turns).

Lanoc the Sneak (Gnoll Wanderer)                    Turns: 1552, Time: 00:06:09

Health: -22/38     AC:  4    Str: 13    XL:     4   Next: 84%
Magic:  8/8        EV: 12    Int: 14    God:
Gold:   62         SH:  0    Dex: 17    Spells: 9/9 levels left

rFire    . . .     SeeInvis .   a - +2 dagger
rCold    . . .     Gourm    .   (no shield)
rNeg     . . .     Faith    .   e - +0 robe
rPois    .         Spirit   .   (no helmet)
rElec    .         Reflect  .   (no cloak)
rCorr    .         Harm     .   (no gloves)
MR       .....                  l - +1 pair of boots
Stlth    ++++......             (no amulet)
HPRegen  0.12/turn              (no ring)
MPRegen  0.11/turn              (no ring)

@: no status effects
A: distributed training, fangs 1, strong nose
a: no special abilities


You were on level 3 of the Dungeon.
You were not hungry.

You visited 1 branch of the dungeon, and saw 3 of its levels.

You collected 62 gold pieces.

Inventory:

Hand Weapons
 a - a +2 dagger (weapon)
 d - a +0 quarterstaff
Missiles
 m - 16 arrows
 n - 21 bolts
Armour
 e - a +0 robe (worn)
 l - a +1 pair of boots (worn)
Wands
 o - a wand of flame (18)
Scrolls
 h - a scroll of enchant armour
 k - a scroll of identify
Potions
 c - a potion of curing
 p - a potion of flight
 r - a potion of magic
Comestibles
 f - 3 rations
 g - 8 chunks of flesh


   Skills:
 + Level 4.7 Fighting
 + Level 1.2 Short Blades
 + Level 1.2 Long Blades
 + Level 1.2 Axes
 + Level 1.2 Maces & Flails
 + Level 1.2 Polearms
 + Level 2.8 Staves
 + Level 1.2 Slings
 + Level 1.2 Bows
 + Level 1.2 Crossbows
 + Level 1.2 Throwing
 + Level 1.2 Armour
 + Level 1.2 Dodging
 + Level 7.8 Stealth
 + Level 1.2 Shields
 + Level 1.2 Unarmed Combat
 + Level 3.0 Spellcasting
 + Level 1.0 Conjurations
 + Level 1.0 Hexes
 + Level 1.0 Charms
 + Level 1.0 Summonings
 + Level 1.0 Necromancy
 + Level 1.0 Translocations
 + Level 1.0 Transmutations
 + Level 1.0 Fire Magic
 + Level 3.9 Ice Magic
 + Level 1.0 Air Magic
 + Level 1.0 Earth Magic
 + Level 1.0 Poison Magic
 + Level 1.3 Invocations
 + Level 1.2 Evocations


You had 9 spell levels left.
You didn't know any spells.
Your spell library was empty.

Dungeon Overview and Level Annotations

Branches:
Dungeon (3/15)

Altars:


Innate Abilities, Weirdness & Mutations

Your experience applies equally to all skills.
You have very sharp teeth.
Your uncanny sense of smell can sniff out nearby items.


Message History

An ogre comes into view. It is wielding a +0 giant spiked club.
Things that are here:
a +0 dagger; a +0 robe; a stone The ogre shouts!
You hit the hobgoblin but do no damage.
You bite the hobgoblin, but do no damage.
The hobgoblin hits you but does no damage.
You barely miss the hobgoblin. The hobgoblin misses you.
You closely miss the hobgoblin.
The hobgoblin hits you but does no damage.
You hit the hobgoblin.
The hobgoblin is heavily wounded.
The hobgoblin closely misses you.
A quokka comes into view.
The hobgoblin hits you.
* * * LOW HITPOINT WARNING * * *
The hobgoblin closely misses you.
The ogre hits you with a +0 giant spiked club!!
Ouch! That really hurt!
You die...

##..#.(.....# ∆
#..##.......# #####
##...........###()(#
...(.......$.#...###
.(###....###.()###.#
..# ####.###..##...#
(.# #.##....rg.##
.## #..#...##O## .#
##....###@# .#
#(...# #.# .. ##.#..
#.# #.. #.#.. ..#
### ..#. ### .


You could see an ogre, a quokka and a hobgoblin.

Vanquished Creatures
  An orc wizard (D:3)
  Robin (D:2)
  A dart slug (D:1)
  A leopard gecko (D:1)
  4 orcs (D:3)
  A giant cockroach (D:1)
  13 goblins
  10 hobgoblins
  7 jackals
  A ball python (D:1)
  2 bats
  3 frilled lizards
  4 kobolds
  6 rats
55 creatures vanquished.

Notes
Turn   | Place    | Note
-------+----------+-------------------------------------------
     0 | D:1      | Lanoc the Gnoll Wanderer began the quest for the Orb.
     0 | D:1      | Lanoc set off with the following items: a +2 dagger, a
                  | potion of heal wounds, a potion of curing, a +0
                  | quarterstaff, a +0 robe, a ration
     0 | D:1      | Reached XP level 1. HP: 20/20 MP: 4/4
    96 | D:1      | Reached XP level 2. HP: 10/26 MP: 5/5
   452 | D:1      | Reached XP level 3. HP: 26/31 MP: 7/7
   678 | D:2      | Noticed Robin
   903 | D:2      | Reached skill level 1 in Invocations
   931 | D:2      | Killed Robin
   931 | D:2      | Reached skill level 1 in Short Blades
   931 | D:2      | Reached skill level 1 in Long Blades
   931 | D:2      | Reached skill level 1 in Axes
   931 | D:2      | Reached skill level 1 in Maces & Flails
   931 | D:2      | Reached skill level 1 in Polearms
   931 | D:2      | Reached skill level 1 in Slings
   931 | D:2      | Reached skill level 1 in Bows
   931 | D:2      | Reached skill level 1 in Crossbows
   931 | D:2      | Reached skill level 1 in Throwing
   931 | D:2      | Reached skill level 1 in Armour
   931 | D:2      | Reached skill level 1 in Dodging
   931 | D:2      | Reached skill level 1 in Shields
   931 | D:2      | Reached skill level 1 in Unarmed Combat
   931 | D:2      | Reached skill level 1 in Evocations
   932 | D:2      | HP: 1/31 [hobgoblin/+0 club (9)]
  1095 | D:2      | Reached XP level 4. HP: 30/38 MP: 8/8
  1538 | D:3      | Reached skill level 1 in Conjurations
  1538 | D:3      | Reached skill level 1 in Hexes
  1538 | D:3      | Reached skill level 1 in Charms
  1538 | D:3      | Reached skill level 1 in Summonings
  1538 | D:3      | Reached skill level 1 in Necromancy
  1538 | D:3      | Reached skill level 1 in Translocations
  1538 | D:3      | Reached skill level 1 in Transmutations
  1538 | D:3      | Reached skill level 1 in Fire Magic
  1538 | D:3      | Reached skill level 1 in Air Magic
  1538 | D:3      | Reached skill level 1 in Earth Magic
  1538 | D:3      | Reached skill level 1 in Poison Magic
  1541 | D:3      | Noticed an ogre
  1552 | D:3      | Annihilated by an ogre

Vault maps used:
D:1:      kilobyte_arrival_exit_the_forest, serial_bayou_lake_a
D:2:      moated_statue, uniq_robin
D:3:      cheibrodos_sewer_entry_bend, kennysheep_flooded_box

Skill      XL: |  1  2  3  4 |
---------------+-------------+-----
Invocations    | 1 |  1.3
Short Blades   | 1 |  1.2
Long Blades    | 1 |  1.2
Axes           | 1 |  1.2
Maces & Flails | 1 |  1.2
Polearms       | 1 |  1.2
Slings         | 1 |  1.2
Bows           | 1 |  1.2
Crossbows      | 1 |  1.2
Throwing       | 1 |  1.2
Armour         | 1 |  1.2
Dodging        | 1 |  1.2
Shields        | 1 |  1.2
Unarmed Combat | 1 |  1.2
Evocations     | 1 |  1.2
Spellcasting   | 3 |  3.0
Conjurations   | 1 |  1.0
Hexes          | 1 |  1.0
Charms         | 1 |  1.0
Summonings     | 1 |  1.0
Necromancy     | 1 |  1.0
Translocations | 1 |  1.0
Transmutations | 1 |  1.0
Fire Magic     | 1 |  1.0
Air Magic      | 1 |  1.0
Earth Magic    | 1 |  1.0
Poison Magic   | 1 |  1.0
Fighting       | |  4.7
Staves         | |  2.8
Stealth        | |  7.8
Ice Magic      | |  3.9

Action                   |  1- 3 |  4- 6 || total
-------------------------+-------+-------++-------
Melee: Dagger            |   128 |    68 ||   196
       Bite              |     9 |     6 ||    15
       Punch             |       |     1 ||     1
  Use: Potion            |     4 |     1 ||     5
       Scroll            |       |     6 ||     6
 Stab: Sleeping          |     8 |     2 ||    10
  Eat: Chunk             |     1 |     1 ||     2
Armor: Robe              |    34 |    13 ||    47
Dodge: Dodged            |    82 |    39 ||   121

Table legend:
 A = Non-vault XP
 B = Vault XP
 C = Vault XP percentage of total XP
 D = Non-vault monster count
 E = Vault monster count
 F = Vault count percentage of total count
                 A         B        C        D         E       F
            +---------+---------+-------+---------+---------+-------
      Total |     119 |      33 |  21.7 |      44 |      11 |  20.0
            +---------+---------+-------+---------+---------+-------
        D:1 |      37 |       0 |   0.0 |      21 |       0 |   0.0
        D:2 |      19 |      33 |  63.5 |      11 |      11 |  50.0
        D:3 |      63 |       0 |   0.0 |      12 |       0 |   0.0
            +---------+---------+-------+---------+---------+-------
